 Dungeon Crawl Stone Soup version 0.17.0-28-g6e173f8 (console) character file.

683 Kloppie the Ducker (level 7, -7/36 HPs)
             Began as a Deep Elf Conjurer on Nov 22, 2015.
             Mangled by a gnoll
             ... wielding a +0 halberd
              (14 damage)
             ... on level 5 of the Dungeon.
             The game lasted 00:11:11 (4958 turns).

Kloppie the Ducker (Deep Elf Conjurer)              Turns: 4958, Time: 00:11:11

Health: -7/36      AC:  5    Str:  5    XL:     7   Next: 35%
Magic:  7/13       EV: 16    Int: 22    God:
Gold:   200        SH:  0    Dex: 15    Spells: 3 memorised, 5 levels left

rFire  . . .     SeeInvis .     q - -1 quarterstaff (curse)
rCold  . . .     Clarity  +     a - +0 robe
rNeg   . . .     SustAt   .     (shield currently unavailable)
rPois  .         Gourm    .     (no helmet)
rElec  .         Spirit   .     (no cloak)
rCorr  .         Warding  .     (no gloves)
rMut   .         Stasis   .     k - +2 pair of boots
MR     .....                    v - amulet of clarity
Stlth  ++........               (no ring)
                                (no ring)

@: not resistant to hostile enchantments, unstealthy
A: no striking features
a: no special abilities


You were on level 5 of the Dungeon.
You were hungry.

You visited 1 branch of the dungeon, and saw 5 of its levels.

You collected 200 gold pieces.

Inventory:

Hand Weapons
 p - a +0 short sword
 q - a cursed -1 quarterstaff (weapon)
 r - a +2 dagger of holy wrath
Armour
 a - a +0 robe (worn)
 k - a +2 pair of boots (worn)
Jewellery
 v - an amulet of clarity (around neck)
Wands
 y - a wand of random effects (27)
Scrolls
 h - a scroll of teleportation
 m - a scroll of identify
 n - a scroll of recharging
 s - a scroll of magic mapping
Potions
 e - 2 potions of curing
 i - 2 potions of invisibility
 j - 3 potions of flight
 l - 2 potions of heal wounds {unknown}
 t - a potion of haste
 u - a potion of ambrosia {unknown}
Books
 b - a book of Conjurations

   Spells                             Type                      Level
   a - Magic Dart                     Conjuration                  1
   b - Searing Ray                    Conjuration                  2
   c - Dazzling Spray                 Conjuration/Hexes            3
   d - Fulminant Prism                Conjuration/Hexes            4
   e - Iskenderun's Mystic Blast      Conjuration                  4
   f - Iskenderun's Battlesphere      Conjuration/Charms           5
Comestibles
 c - 3 bread rations
 d - 3 slices of pizza
 g - 5 meat rations
 o - 2 beef jerkies
 w - a royal jelly
 x - 5 fruits


   Skills:
 + Level 7.3 Dodging
 - Level 2.4 Stealth
 - Level 3.0 Spellcasting
 + Level 6.1 Conjurations
 - Level 5.1 Hexes


You had 5 spell levels left.
You knew the following spells:

 Your Spells              Type           Power        Failure   Level  Hunger
a - Magic Dart            Conj           ####         1%          1    None
b - Searing Ray           Conj           ####..       1%          2    ##.....
c - Fulminant Prism       Conj/Hex       ####......   14%         4    ####...


Dungeon Overview and Level Annotations

Branches:
Dungeon (5/15)
 Temple: D:4-7

Altars:
Qazlal
The Shining One


Message History

You kill the kobold!
The gnoll shouts!
The searing ray hits the gnoll.
The gnoll is moderately wounded.
The searing ray hits the gnoll.
The gnoll is severely wounded.
The gnoll hits you from afar with a halberd!
The searing ray misses the gnoll.
The gnoll hits you from afar with a halberd.
The gnoll hits you from afar with a halberd!
* * * LOW HITPOINT WARNING * * *
Casting: Searing Ray
Confirm with . or Enter, or press ? or * to list all spells.
Aiming: Magic Dart
Press: ? - help, Shift-Dir - straight line, f/p - gnoll
Aim: a gnoll, wielding a halberd (severely wounded)
The magic dart hits the gnoll.
The gnoll is almost dead.
The gnoll hits you from afar with a halberd!
You die...

..## #..#+## .....#.. ..#
.......+ (##..#.. #.# ...##+##.#
........#.. #.## #..### #.##
#....# .#.. #..# #.. #..#
+..#.#..#.. #..# +.. #..# #..#.
..#.. #.P####.# ##.##+##...#
#.#.. #...#...#
#..#..#..#.###.#.. #..P#...#
#@.g..#........# #
#.#####.########.#####P.......###
#.')..#..........+).'...#.....#..
#.#...'..##'#....#.)#...###.#.#..
#.########))#'#####+##P.# #.#.#..
#..# #..#.('..#..#..# #.#.#..
#..# +..#..#).#))#..###.#.#..
#..# #######..##'#...........
#..#######.....####......###..#..


You could see a gnoll.

Vanquished Creatures
  An ogre (D:4)
  The ghost of Arkorax the Ruffian, an amateur DrTm (D:3)
  2 scorpions (D:4)
  2 hounds
  A jelly (D:5)
  A giant frog zombie (D:5)
  An iguana (D:4)
  2 worker ants
  9 adders
  3 gnolls (D:3)
  A shadow imp (D:5)
  An ooze (D:4)
  2 worms (D:3)
  7 giant geckos
  3 orcs
  3 giant cockroaches
  6 hobgoblins
  2 jackals (D:4)
  2 quokkas
  3 ball pythons
  6 bats
  4 giant newts
  9 goblins
  18 kobolds
  7 rats
97 creatures vanquished.

Notes
Turn   | Place    | Note
--------------------------------------------------------------
     0 | D:1      | Kloppie the Deep Elf Conjurer began the quest for the Orb.
     0 | D:1      | Reached XP level 1. HP: 10/10 MP: 6/6
   404 | D:1      | Reached XP level 2. HP: 15/15 MP: 6/8
  1066 | D:2      | Learned a level 2 spell: Searing Ray
  1094 | D:2      | Reached XP level 3. HP: 17/19 MP: 4/9
  1181 | D:2      | Reached skill level 5 in Conjurations
  1439 | D:2      | Reached XP level 4. HP: 24/24 MP: 6/10
  2005 | D:3      | Learned a level 4 spell: Fulminant Prism
  2209 | D:3      | Reached skill level 1 in Hexes
  2312 | D:3      | Noticed Arkorax's ghost (amateur DrTm)
  2399 | D:3      | Killed Arkorax's ghost
  2399 | D:3      | Reached skill level 5 in Dodging
  2399 | D:3      | Reached XP level 5. HP: 18/28 MP: 0/11
  2517 | D:3      | Found a glowing golden altar of the Shining One.
  2623 | D:3      | Found a stormy altar of Qazlal.
  3232 | D:4      | Reached XP level 6. HP: 32/32 MP: 6/12
  3309 | D:4      | Noticed an ogre
  3314 | D:4      | Killed an ogre
  3314 | D:4      | Reached skill level 6 in Dodging
  3753 | D:4      | Reached skill level 5 in Hexes
  3880 | D:4      | Reached XP level 7. HP: 36/36 MP: 6/13
  4084 | D:5      | Entered Level 5 of the Dungeon
  4084 | D:5      | Found a stormy altar of Qazlal.
  4294 | D:5      | Reached skill level 7 in Dodging
  4958 | D:5      | Mangled by a gnoll

Action                   |  1- 3 |  4- 6 |  7- 9 || total
-------------------------+-------+-------+-------++-------
Melee: Short sword       |     5 |       |       ||     5
       Dagger            |       |    24 |     1 ||    25
       Quarterstaff      |       |       |    46 ||    46
 Cast: Magic Dart        |    59 |    84 |    18 ||   161
       Searing Ray       |     1 |    10 |     4 ||    15
  Use: Scroll            |       |     9 |     3 ||    12
 Stab: Sleeping          |       |       |     2 ||     2
  Eat: Chunk             |     1 |     8 |     3 ||    12
